 Dungeon Crawl Stone Soup version 0.28.0-43-g3370ac3207 (webtiles) character file.

Game seed: 6893764066426771724

2549 Ablot the Magician (level 9, -4/71 HPs)
             Began as a Gnoll Warper on Mar 19, 2022.
             Was an Elder of Okawaru.
             Slain by a sky beast (6 damage)
             ... on level 6 of the Dungeon.
             The game lasted 00:10:41 (8165 turns).

Ablot the Magician (Gnoll Warper)                   Turns: 8165, Time: 00:10:42

Health: -4/71      AC:  7    Str: 15    XL:     9   Next: 56%
Magic:  19/19      EV: 18    Int: 18    God:    Okawaru [****..]
Gold:   265        SH:  0    Dex: 12    Spells: 19/21 levels left

rFire   . . .      SeeInvis .   a - +0 trident
rCold   . . .      Faith    .   (no shield)
rNeg    . . .      Spirit   .   b - +0 leather armour
rPois   .          Reflect  .   (no helmet)
rElec   .          Harm     .   s - +1 cloak {Will+}
rCorr   .          Rampage  .   (no gloves)
Will    +....                   k - +0 pair of boots
Stlth   ++........              m - amulet of the acrobat
HPRegen 0.21/turn               o - +6 ring of intelligence
MPRegen 0.16/turn               v - +4 ring of evasion

@: no status effects
A: fangs 1, strong nose, distributed training
a: Renounce Religion, Heroism, Finesse


You were on level 6 of the Dungeon.
You worshipped Okawaru.
Okawaru was greatly pleased with you.
You visited 2 branches of the dungeon, and saw 7 of its levels.

You collected 265 gold pieces.

Inventory:

Hand Weapons
 a - a +0 trident (weapon)
Missiles
 d - 5 boomerangs of dispersal (quivered)
 j - 133 stones
 n - 49 bolts
 u - 84 arrows
 w - 2 boomerangs
 z - 34 sling bullets
Armour
 b - a +0 leather armour (worn)
 k - a +0 pair of boots (worn)
 s - a +1 cloak of willpower (worn)
Magical Staves
 g - a staff of air
Jewellery
 m - an amulet of the acrobat (around neck)
 o - a +6 ring of intelligence (left hand)
 v - a +4 ring of evasion (right hand)
Wands
 q - a wand of flame (19)
Scrolls
 c - 3 scrolls of blinking
 e - a scroll of brand weapon {unknown}
 f - 5 scrolls of identify {unknown}
 l - a scroll of noise {unknown}
 r - 5 scrolls of immolation {unknown}
 A - a scroll of magic mapping {unknown}
 B - a scroll of teleportation {unknown}
Potions
 h - 2 potions of curing
 i - a potion of flight {unknown}
 p - a potion of ambrosia {unknown}
 t - a potion of haste {unknown}
 x - a potion of brilliance {unknown}


   Skills:
 + Level 6.4 Fighting
 + Level 4.3 Short Blades
 + Level 4.3 Long Blades
 + Level 4.3 Axes
 + Level 4.3 Maces & Flails
 + Level 6.4 Polearms
 + Level 4.3 Staves
 + Level 4.3 Slings
 + Level 4.3 Bows
 + Level 4.3 Crossbows
 + Level 5.1 Throwing
 + Level 5.1 Armour
 + Level 6.4 Dodging
 + Level 4.3 Stealth
 + Level 4.3 Shields
 + Level 4.3 Unarmed Combat
 + Level 6.7 Spellcasting
 + Level 3.6 Conjurations
 + Level 3.6 Hexes
 + Level 3.6 Summonings
 + Level 3.6 Necromancy
 + Level 6.6 Translocations
 + Level 3.6 Transmutations
 + Level 3.6 Fire Magic
 + Level 3.6 Ice Magic
 + Level 3.6 Air Magic
 + Level 3.6 Earth Magic
 + Level 3.6 Poison Magic
 + Level 4.8 Invocations
 + Level 4.3 Evocations


You had 19 spell levels left.
You knew the following spells:

 Your Spells              Type           Power      Damage    Failure   Level
a - Blink                 Tloc           58%        N/A       1%          2

Your spell library contained the following spells:

 Spells                   Type           Power      Damage    Failure   Level
 Gell's Gravitas          Tloc           29%        N/A       2%          3
 Lesser Beckoning         Tloc           29%        N/A       2%          3
 Teleport Other           Tloc           29%        N/A       2%          3
 Ensorcelled Hibernation  Hex/Ice        38%        N/A       4%          2
 Spider Form              Tmut/Pois      19%        N/A       9%          3
 Manifold Assault         Tloc           29%        N/A       24%         5
 Anguish                  Hex/Necr       9%         N/A       30%         4


Dungeon Overview and Level Annotations

Branches:
Dungeon (6/15)             Temple (1/1) D:5

Altars:
Ashenzari
Cheibriados
Dithmenos
Elyvilon
Fedhas
Gozag
Hepliaklqana
Kikubaaqudgha
Makhleb
Nemelex Xobeh
Okawaru
Qazlal
Ru
Sif Muna
Trog
Uskayaw
Vehumet
Wu Jian
Xom
Yredelemnul
Zin
The Shining One

Annotations:
D:6 exclusion: two-headed ogre


Innate Abilities, Weirdness & Mutations

You have very sharp teeth.
Your uncanny sense of smell can sniff out nearby items.
Your experience applies equally to all skills.


Message History

The orc barely misses you. The sky beast completely misses you.
You miss the sky beast.
The sky beast is almost dead.
The orc closely misses you. The sky beast barely misses you.
You closely miss the sky beast. Your bite misses the sky beast.
The sky beast is almost dead.
The orc hits you with a +0 club.
* * * LOW HITPOINT WARNING * * *
The sky beast hits you but does no damage.
You hit the sky beast but do no damage.
The sky beast is almost dead.
The orc hits you with a +0 club.
* * * LOW HITPOINT WARNING * * *
The sky beast barely misses you.
You hit the sky beast but do no damage.
The sky beast is almost dead.
The orc hits you but does no damage. The sky beast misses you.
You closely miss the sky beast.
The sky beast is almost dead.
The orc misses you. The sky beast hits you.
* * * LOW HITPOINT WARNING * * *
The sky beast shocks you.
* * * LOW HITPOINT WARNING * * *
You completely miss the sky beast.
The sky beast is almost dead.
The orc hits you but does no damage. The sky beast completely misses you.
You closely miss the sky beast. You bite the sky beast.
The sky beast is almost dead.
The orc barely misses you.
The sky beast flickers out of sight!
Deactivating autopickup; reactivate with Ctrl-A.
Something hits you.
* * * LOW HITPOINT WARNING * * *
Something shocks you.
* * * LOW HITPOINT WARNING * * *
It was a potion of curing.
You feel better. The orc hits you with a +0 club.
* * * LOW HITPOINT WARNING * * *
Something hits you.
* * * LOW HITPOINT WARNING * * *
Something shocks you.
You die...

##...##....#
#.....#....#
#....##....#
#....##....##.
#.............
##............ .
#...##....##...
##...##o...##.. ##∆
#....)@{...... .#
#..........#####.#
##.........#.....#
######.
#.........#.....#
......
######....'.....#
.....
#...##..###.....####
....#
#...##'##...........
....#
#....#....#.........
....#
+....#..._..........


You could see an orc.

Vanquished Creatures
  A two-headed ogre (D:4)
  Pikel (D:6)
  Sigmund (D:6)
  2 sky beasts
  A necrophage (D:4)
  An ogre (D:6)
  A centaur (D:6)
  A bullfrog (D:6)
  2 scorpions
  4 wights (D:6)
  2 howler monkeys
  A centaur zombie (D:5)
  An orc priest (D:6)
  2 hounds
  A gnoll shaman (D:5)
  A bullfrog skeleton (D:4)
  4 iguanas
  2 orc wizards
  3 adders
  4 gnolls
  2 dart slugs
  6 orcs
  4 bats
  11 endoplasms
  2 giant cockroaches
  17 hobgoblins
  2 jackals (D:5)
  5 quokkas
  6 ball pythons
  5 frilled lizards
  14 goblins
  12 kobolds
  6 rats
128 creatures vanquished.

Notes
Turn   | Place    | Note
-------+----------+-------------------------------------------
     0 | D:1      | Ablot the Gnoll Warper began the quest for the Orb.
     0 | D:1      | Reached XP level 1. HP: 20/20 MP: 6/6
   373 | D:1      | Reached XP level 2. HP: 24/26 MP: 7/7
   376 | D:1      | Learned a level 2 spell: Blink
   950 | D:1      | Reached XP level 3. HP: 22/31 MP: 9/9
  1154 | D:1      | Reached skill level 5 in Spellcasting
  1475 | D:2      | Found a snail-covered altar of Cheibriados.
  1662 | D:2      | Reached skill level 1 in Invocations
  2352 | D:3      | Reached skill level 1 in Short Blades
  2352 | D:3      | Reached skill level 1 in Long Blades
  2352 | D:3      | Reached skill level 1 in Axes
  2352 | D:3      | Reached skill level 1 in Maces & Flails
  2352 | D:3      | Reached skill level 1 in Staves
  2352 | D:3      | Reached skill level 1 in Slings
  2352 | D:3      | Reached skill level 1 in Bows
  2352 | D:3      | Reached skill level 1 in Crossbows
  2352 | D:3      | Reached skill level 1 in Stealth
  2352 | D:3      | Reached skill level 1 in Shields
  2352 | D:3      | Reached skill level 1 in Unarmed Combat
  2352 | D:3      | Reached skill level 1 in Evocations
  2494 | D:3      | Reached XP level 4. HP: 37/38 MP: 11/11
  2715 | D:3      | Reached skill level 1 in Conjurations
  2715 | D:3      | Reached skill level 1 in Hexes
  2715 | D:3      | Reached skill level 1 in Summonings
  2715 | D:3      | Reached skill level 1 in Necromancy
  2715 | D:3      | Reached skill level 1 in Transmutations
  2715 | D:3      | Reached skill level 1 in Fire Magic
  2715 | D:3      | Reached skill level 1 in Ice Magic
  2715 | D:3      | Reached skill level 1 in Air Magic
  2715 | D:3      | Reached skill level 1 in Earth Magic
  2715 | D:3      | Reached skill level 1 in Poison Magic
  2979 | D:3      | Found an ornate altar of the Wu Jian Council.
  3065 | D:3      | Found a faded altar of an unknown god.
  3200 | D:4      | Found a snail-covered altar of Cheibriados.
  3220 | D:4      | Reached XP level 5. HP: 40/43 MP: 12/12
  3224 | D:4      | Noticed a necrophage
  3246 | D:4      | Killed a necrophage
  3314 | D:4      | Found a glowing silver altar of Zin.
  3315 | D:4      | Found a blossoming altar of Fedhas.
  3451 | D:4      | Noticed a two-headed ogre
  3512 | D:5      | Entered Level 5 of the Dungeon
  3571 | D:5      | Reached XP level 6. HP: 50/50 MP: 13/13
  3691 | D:5      | Found a staircase to the Ecumenical Temple.
  3698 | Temple   | Entered the Ecumenical Temple
  3813 | Temple   | Became a worshipper of Warmaster Okawaru
  3893 | D:5      | Found a bloodstained altar of Trog.
  4096 | D:5      | Reached skill level 5 in Fighting
  4096 | D:5      | Reached skill level 5 in Polearms
  4096 | D:5      | Reached skill level 5 in Dodging
  4269 | D:5      | Noticed a sky beast
  4285 | D:5      | Killed a sky beast
  4286 | D:5      | Reached XP level 7. HP: 30/56 MP: 15/15
  5308 | D:4      | Killed a two-headed ogre
  5308 | D:4      | Reached * piety under Okawaru
  5308 | D:4      | Reached ** piety under Okawaru
  5309 | D:4      | Reached XP level 8. HP: 11/64 MP: 12/17
  5633 | D:4      | Found a shimmering blue altar of Sif Muna.
  5852 | D:5      | Reached *** piety under Okawaru
  6343 | D:5      | Found a glowing golden altar of the Shining One.
  6646 | D:6      | Noticed a two-headed ogre
  6646 | D:6      | Found a shadowy altar of Dithmenos.
  7433 | D:6      | Noticed Sigmund
  7448 | D:6      | Killed Sigmund
  7449 | D:6      | Reached XP level 9. HP: 54/69 MP: 18/18
  7748 | D:6      | Found an iron altar of Okawaru.
  7914 | D:6      | Noticed Pikel
  7964 | D:6      | Killed Pikel
  7964 | D:6      | Reached **** piety under Okawaru
  7965 | D:6      | Reached skill level 5 in Throwing
  7965 | D:6      | Reached skill level 5 in Armour
  8164 | D:6      | HP: 3/71 [something (5)]
  8165 | D:6      | Slain by a sky beast

Illustrated notes

Levels and vault maps discovered:
D:1:      dpeg_arrival_rhombus, layout_basic
D:2:      layout_basic, basic_altar
D:3:      cheibrodos_greedy_goblins, layout_loops_cross,
          nicolae_wu_jian_glorious_leap, chequers_ecumenical_altar_island,
          minmay_misc_feat_secret_circle
D:4:      layout_basic, cheibriados_altar_1, mainiacjoe_overflow_alcove_2,
          minitemple
D:5:      layout_basic, tso_altar, bloody_trog, minmay_temple_entry_arrows,
          serial_corexii_hall, chequers_hall_statues_corner_a,
          corexii_hall_statues_x, chequers_hall_statues_wall_a,
          corexii_hall_statues_deadend, chequers_hall_statues_y,
          chequers_hall_statues_wall_a
D:6:      layout_gridville, hangedman_feature_mirror, uniq_pikel,
          uniq_eustachio, uniq_sigmund
Temple:   regret_index_temple_waves

Skill      XL: |  1  2  3  4  5  6  7  8  9 |
---------------+----------------------------+-----
Spellcasting   | 5 6 |  6.7
Invocations    | 1 2 3 4 |  4.8
Short Blades   | 1 2 3 4 |  4.3
Long Blades    | 1 2 3 4 |  4.3
Axes           | 1 2 3 4 |  4.3
Maces & Flails | 1 2 3 4 |  4.3
Staves         | 1 2 3 4 |  4.3
Slings         | 1 2 3 4 |  4.3
Bows           | 1 2 3 4 |  4.3
Crossbows      | 1 2 3 4 |  4.3
Stealth        | 1 2 3 4 |  4.3
Shields        | 1 2 3 4 |  4.3
Unarmed Combat | 1 2 3 4 |  4.3
Evocations     | 1 2 3 4 |  4.3
Conjurations   | 1 2 3 |  3.6
Hexes          | 1 2 3 |  3.6
Summonings     | 1 2 3 |  3.6
Necromancy     | 1 2 3 |  3.6
Transmutations | 1 2 3 |  3.6
Fire Magic     | 1 2 3 |  3.6
Ice Magic      | 1 2 3 |  3.6
Air Magic      | 1 2 3 |  3.6
Earth Magic    | 1 2 3 |  3.6
Poison Magic   | 1 2 3 |  3.6
Throwing       | 3 4 5 |  5.1
Armour         | 3 4 5 |  5.1
Fighting       | 5 6 |  6.4
Polearms       | 5 6 |  6.4
Dodging        | 5 6 |  6.4
Translocations | 6 |  6.6

Action                   |  1- 3 |  4- 6 |  7- 9 || total
-------------------------+-------+-------+-------++-------
Melee: Spear             |   148 |       |       ||   148
       Bite              |    11 |    20 |    30 ||    61
       Trident           |    40 |   204 |   247 ||   491
       Punch             |       |     4 |    10 ||    14
Throw: Boomerang         |       |     2 |     6 ||     8
       Dart              |       |       |    23 ||    23
 Cast: Blink             |       |     1 |     8 ||     9
Invok: Heroism           |       |       |     3 ||     3
Evoke: Wand              |       |       |     1 ||     1
  Use: Potion            |       |       |     1 ||     1
 Stab: Sleeping          |     2 |     1 |       ||     3
       Distracted        |       |       |     1 ||     1
Armor: Leather armour    |    30 |    38 |    46 ||   114
Dodge: Dodged            |    70 |   147 |   197 ||   414
